Map: Ewiges Imperium LE

Players

GunGFuBanDa

  • Race: Protoss Protoss
  • Spawn Location: 1:00

INnoVation - Winner!

  • Race: Terran Terran
  • Spawn Location: 7:00

Event: StayAtHomestory Cup #1

VOD

Have the link to the VOD?

Description

Time

  • Played on: April 10, 2020, 6:09 a.m.
  • Length: 19:10

All games in this series

Show
View Real Time Build Order
Export as new Build Order

GunGFuBanDa Protoss 

Build Orders: 1 Gate Expand, Blink Stalkers 

Get SALT Encoding   

  12  0:00  Probe  
  13  0:12  Probe  
  14  0:17  Pylon  
  14  0:24  Probe (Chrono Boost)  
  15  0:36  Probe (Chrono Boost)  
  15  0:38  Gateway  
  16  0:45  Probe (Chrono Boost)  
  16  0:47  Assimilator  
  17  0:51  Probe  
  18  1:03  Probe  
  19  1:15  Probe  
  20  1:24  Cybernetics Core  
  20  1:36  Nexus  
  20  1:39  Probe  
  21  1:49  Pylon  
  21  1:52  Probe  
  22  1:59  Assimilator  
  22  2:00  Warp Gate  
  22  2:04  Adept (Chrono Boost)  
  24  2:09  Probe  
  25  2:21  Probe  
  26  2:26  Stalker (Chrono Boost)  
  28  2:33  Probe  
  29  2:47  Probe (Chrono Boost)  
  29  2:48  Probe (Chrono Boost)  
  31  2:52  Twilight Council  
  31  2:56  Stalker  
  35  2:59  Probe (Chrono Boost)  
  35  3:01  Probe (Chrono Boost)  
  35  3:04  Probe (Chrono Boost)  
  37  3:14  Probe (Chrono Boost)  
  37  3:15  Probe (Chrono Boost)  
  37  3:17  Gateway  
  38  3:23  Probe (Chrono Boost), Blink (Chrono Boost)  
  38  3:24  Probe (Chrono Boost)  
  40  3:30  Probe  
  41  3:35  Gateway  
  41  3:36  Probe  
  42  3:42  Probe  
  42  3:45  Pylon  
  42  3:46  Assimilator  
  42  3:48  Probe  
  44  3:50  Sentry  
  46  3:57  Pylon  
  46  4:03  Probe x2  
  48  4:10  Nexus  
  48  4:12  Stalker  
  49  4:20  Stalker  
  49  4:21  Probe x2  
  53  4:27  Robotics Facility  
  53  4:30  Stalker  
  55  4:36  Pylon  
  55  4:37  Probe  
  55  4:47  Probe  
  55  4:49  Probe  
  57  4:59  Probe  
  58  5:01  Probe  
  58  5:03  Stalker x3  
  58  5:04  Charge (Chrono Boost)  
  65  5:12  Probe  
  65  5:13  Probe  
  67  5:15  Observer  
  67  5:18  Forge  
  68  5:24  Probe  
  68  5:26  Shield Battery  
  69  5:33  Stalker x2  
  69  5:34  Stalker  
  75  5:40  Immortal  
  79  6:00  Protoss Ground Weapons Level 1  
  79  6:02  Probe (Chrono Boost)  
  71  6:04  Zealot x3  
  71  6:05  Probe (Chrono Boost)  
  78  6:16  Probe (Chrono Boost)  
  78  6:17  Probe (Chrono Boost)  
  72  6:21  Probe (Chrono Boost)  
  72  6:26  Zealot x2  
  72  6:27  Zealot  
  72  6:28  Probe (Chrono Boost)  
  72  6:32  Probe (Chrono Boost)  
  68  6:34  Observer  
  71  6:40  Probe x2 (Chrono Boost)  
  71  6:42  Probe (Chrono Boost)  
  73  6:48  Probe (Chrono Boost)  
  73  6:49  Probe (Chrono Boost)  
  73  6:51  Warp Prism, Probe (Chrono Boost)  
  73  6:53  Probe (Chrono Boost)  
  76  6:54  Robotics Bay  
  76  7:00  Probe (Chrono Boost)  
  79  7:02  Probe (Chrono Boost)  
  79  7:11  Probe (Chrono Boost), Gateway  
  79  7:12  Gateway  
  79  7:14  Probe (Chrono Boost)  
  79  7:15  Gateway  
  82  7:16  Probe (Chrono Boost)  
  82  7:20  Probe (Chrono Boost)  
  82  7:21  Probe (Chrono Boost)  
  85  7:24  Probe (Chrono Boost)  
  85  7:26  Pylon  
  85  7:29  Pylon  
  85  7:39  Pylon  
  85  7:44  Probe x3, Colossus (Chrono Boost)  
  92  7:51  Stalker  
  92  7:52  Stalker x2  
  92  7:56  Probe (Chrono Boost)  
  92  7:57  Protoss Ground Weapons Level 2 (Chrono Boost)  
  100  8:00  Probe x2 (Chrono Boost)  
  100  8:08  Probe (Chrono Boost), Extended Thermal Lance  
  100  8:11  Gateway  
  100  8:12  Probe x2 (Chrono Boost)  
  103  8:13  Probe (Chrono Boost)  
  103  8:14  Assimilator  
  103  8:18  Assimilator x2  
  104  8:20  Probe x2  
  104  8:23  Probe  
  107  8:33  Probe x2, Pylon  
  109  8:35  Pylon  
  109  8:40  Gateway  
  109  8:42  Gateway  
  109  8:47  Pylon, Colossus (Chrono Boost)  
  109  8:51  Pylon  
  115  9:02  Zealot x6  
  113  9:16  Sentry  
  107  9:22  Stalker x2  
  107  9:23  Stalker x2, Zealot x2  
  111  9:31  Colossus (Chrono Boost)  
  109  9:37  Zealot x2  
  116  9:45  Forge  
  116  9:47  Zealot x2  
  116  9:48  Pylon, Zealot  
  122  9:53  Pylon, Zealot x4  
  122  9:55  Probe  
  131  10:05  Zealot x2  
  135  10:11  Zealot  
  135  10:12  Zealot x2  
  127  10:14  Disruptor (Chrono Boost)  
  127  10:19  Zealot x3  
  102  10:28  Zealot x2  
  102  10:29  Zealot  
  102  10:35  Zealot x3  
  99  10:40  Zealot x2, Disruptor (Chrono Boost)  
  99  10:41  Zealot  
  100  10:53  Zealot x2  
  94  10:57  Zealot x2  
  94  10:58  Zealot  
  94  11:06  Observer  
  94  11:08  Protoss Ground Armor Level 1 (Chrono Boost)  
  94  11:11  Disruptor  
  94  11:14  Templar Archives, Nexus  
  94  11:17  Zealot  
  99  11:21  Sentry x3  
  105  11:26  Observer  
  105  11:43  Probe  
  105  11:44  Colossus (Chrono Boost)  
  106  11:54  Dark Shrine, High Templar x4  
  112  11:55  High Templar x2  
  112  12:01  Zealot x3  
  128  12:02  Archon  
  128  12:03  Probe, Archon x2  
  128  12:04  Probe x2  
  128  12:05  Protoss Ground Weapons Level 3 (Chrono Boost)  
  131  12:14  Pylon  
  131  12:15  Probe  
  131  12:16  Probe  
  132  12:24  Colossus (Chrono Boost)  
  132  12:26  Probe x2  
  132  12:28  Probe  
  141  12:36  Stalker x2, High Templar x2  
  148  12:37  Zealot x2  
  148  12:41  Archon  
  150  12:44  Probe  
  150  12:45  Probe  
  152  12:55  Zealot, High Templar x2  
  156  12:58  Pylon  
  156  12:59  Archon, Zealot  
  156  13:00  Pylon  
  156  13:05  Colossus (Chrono Boost)  
  133  13:24  Stalker x5  
  133  13:25  Stalker, Zealot  
  141  13:32  Probe  
  141  13:33  Assimilator  
  142  13:35  Assimilator  
  142  13:42  Dark Templar  
  142  13:44  Dark Templar  
  142  13:46  Dark Templar  
  148  13:52  Warp Prism  
  148  13:55  Zealot x2, Dark Templar  
  154  13:56  Zealot x2  
  156  14:06  Pylon  
  156  14:14  Zealot x2  
  156  14:17  Pylon  
  156  14:18  Pylon  
  156  14:20  Zealot x6  
  128  14:37  Protoss Ground Armor Level 2 (Chrono Boost)  
  128  14:38  Stalker x3  
  108  14:42  Stalker x6  
  102  14:48  Disruptor (Chrono Boost)  
  101  15:01  Dark Templar  
  103  15:14  Disruptor (Chrono Boost)  
  103  15:15  Sentry, High Templar  
  103  15:16  High Templar  
  103  15:17  Zealot x5  
  103  15:18  Pylon  
  108  15:37  High Templar x2  
  108  15:38  Zealot x5  
  108  15:39  Archon, Colossus (Chrono Boost)  
  128  15:42  Robotics Facility  
  128  15:45  Archon  
  128  15:50  Nexus  
  128  15:54  Pylon  
  128  16:06  Sentry, High Templar x2  
  128  16:08  Zealot x2, High Templar x2  
  128  16:10  Archon  
  142  16:15  Unknown  
  142  16:16  Archon  
  148  16:26  Colossus (Chrono Boost)  
  148  16:38  Zealot  
  150  16:43  Stalker x6  
  150  16:46  Observer (Chrono Boost)  
  165  17:02  Warp Prism (Chrono Boost)  
  165  17:03  Colossus (Chrono Boost)  
  166  17:25  Stalker x2  
  166  17:26  Zealot x6  
  179  17:33  Disruptor  
  176  17:50  Zealot x4  
  176  17:51  High Templar x4  
  188  17:52  Stalker  
  188  17:53  Disruptor  
  188  17:56  Archon x2  
  119  18:11  Dark Templar  
  119  18:12  Zealot  
  121  18:16  Zealot, Dark Templar  
  121  18:17  Zealot  
  125  18:30  Stalker x4  
  131  18:37  Stalker x3  
  120  18:51  Dark Templar  
  122  18:57  Zealot x4  
  122  19:05  Zealot x2  
Show
View Real Time Build Order
Export as new Build Order

INnoVation Terran - Winner!

Build Orders: Liberator Opening, Reaper Expand 

Get SALT Encoding   

  12  0:00  SCV  
  13  0:13  SCV  
  14  0:17  Supply Depot  
  14  0:25  SCV  
  15  0:38  SCV  
  15  0:40  Barracks  
  16  0:44  Refinery  
  16  0:50  SCV  
  17  1:03  SCV  
  18  1:15  SCV  
  19  1:27  Reaper, Orbital Command  
  20  1:41  Command Center  
  20  1:52  Supply Depot  
  20  1:54  SCV  
  21  1:59  Marine  
  22  2:06  SCV  
  23  2:09  Factory  
  23  2:16  Refinery  
  23  2:18  SCV  
  23  2:21  Barracks Reactor  
  24  2:27  Bunker  
  24  2:30  SCV  
  25  2:42  SCV  
  26  2:53  Orbital Command  
  26  2:54  SCV  
  26  2:55  Starport  
  29  2:58  Widow Mine  
  29  3:02  Marine  
  29  3:04  Marine  
  31  3:06  SCV  
  32  3:19  SCV x2  
  36  3:20  Widow Mine, Marine  
  36  3:21  Marine  
  38  3:30  Supply Depot  
  38  3:31  SCV, Medivac  
  38  3:33  SCV  
  42  3:38  Marine  
  42  3:39  Marine  
  44  3:43  Factory Tech Lab  
  44  3:44  SCV  
  44  3:45  SCV  
  46  3:48  Supply Depot  
  46  3:55  Marine  
  46  3:56  SCV  
  46  3:57  SCV, Marine  
  46  4:01  Siege Tank  
  53  4:04  Supply Depot  
  53  4:08  SCV  
  54  4:10  SCV  
  54  4:12  Liberator  
  54  4:13  Marine  
  54  4:15  Marine  
  60  4:21  Supply Depot  
  60  4:23  SCV x2  
  62  4:31  Marine  
  62  4:33  Marine  
  62  4:35  SCV x2, Siege Tank  
  69  4:44  Supply Depot  
  69  4:49  SCV x2, Marine  
  69  4:50  Marine  
  73  5:01  SCV x2  
  73  5:02  Command Center  
  73  5:06  Supply Depot  
  75  5:07  Marine, Siege Tank  
  75  5:08  Marine  
  75  5:10  Starport Tech Lab  
  80  5:14  SCV  
  80  5:15  SCV, Barracks  
  82  5:23  Refinery x2  
  82  5:25  Marine, Barracks  
  82  5:26  Marine  
  82  5:28  SCV x2  
  86  5:31  Supply Depot  
  86  5:40  SCV x2  
  88  5:43  Marine  
  88  5:44  Raven, Marine  
  88  5:48  Engineering Bay  
  88  5:49  Engineering Bay  
  90  5:54  SCV x2  
  90  5:55  Bunker  
  91  6:01  Marine  
  91  6:02  Marine  
  93  6:08  SCV x2  
  93  6:11  Stimpack  
  95  6:12  Barracks  
  95  6:13  Factory Reactor  
  95  6:14  Barracks  
  86  6:20  SCV x2  
  75  6:29  Marine x2  
  75  6:30  Marauder  
  75  6:32  SCV  
  75  6:33  Combat Shield, Orbital Command, Starport Reactor  
  75  6:35  Marauder  
  75  6:39  Terran Infantry Weapons Level 1, Terran Infantry Armor Level 1  
  73  6:50  Widow Mine, Marine  
  73  6:51  Widow Mine, Marine  
  73  6:53  Marauder, Orbital Command  
  81  6:56  Marauder  
  81  6:57  SCV x2  
  85  7:03  Barracks Reactor  
  85  7:04  Barracks Tech Lab  
  85  7:09  Marine x2  
  85  7:12  SCV x2, Widow Mine x2  
  85  7:13  Medivac  
  85  7:15  Marauder  
  97  7:18  Marauder  
  97  7:21  SCV  
  97  7:22  Medivac  
  98  7:24  SCV x2  
  98  7:28  Supply Depot  
  100  7:30  Supply Depot  
  100  7:32  Supply Depot  
  100  7:33  Marauder  
  100  7:34  Marine x2  
  100  7:35  Concussive Shells  
  100  7:36  Marauder  
  106  7:39  Marauder  
  106  7:41  Missile Turret  
  106  7:44  Missile Turret  
  112  7:45  Refinery x2  
  112  7:46  SCV x2  
  112  7:48  SCV  
  115  7:56  Medivac x2  
  115  7:57  Marauder  
  115  7:58  Marauder, Marine x3  
  120  7:59  Marine  
  120  8:01  Marauder  
  123  8:08  Starport  
  123  8:09  Command Center  
  123  8:11  SCV  
  123  8:12  SCV x2  
  126  8:16  Armory, Marine  
  127  8:22  Supply Depot x2  
  127  8:26  Viking x2  
  131  8:33  Marauder x3, Marine x3  
  131  8:34  Marine  
  141  8:39  Supply Depot  
  141  8:41  Supply Depot  
  137  8:53  Viking x2  
  141  8:56  Viking x2  
  141  9:00  Supply Depot x2  
  143  9:06  Marauder x3, Marine x2  
  141  9:17  SCV x3  
  137  9:27  Marauder x3  
  142  9:33  SCV x3  
  140  9:39  Viking  
  140  9:43  Terran Infantry Weapons Level 2  
  140  9:45  SCV  
  142  9:49  Terran Infantry Armor Level 2  
  142  9:57  Planetary Fortress  
  141  10:09  Marauder x3  
  141  10:10  Marine x2  
  141  10:11  Marine  
  141  10:13  SCV x3  
  123  10:25  SCV x3  
  118  10:33  Marauder x3, Marine  
  118  10:34  Marine x3  
  118  10:37  SCV x3  
  110  10:49  SCV x3  
  93  10:58  SCV  
  93  11:00  Medivac x2  
  93  11:01  SCV x2  
  99  11:07  Marauder x2  
  99  11:08  Marauder, Marine x3  
  99  11:09  Marine  
  103  11:13  SCV x4, Ghost Academy  
  107  11:20  Terran Ship Weapons Level 1  
  113  11:30  Marauder x3  
  113  11:31  Barracks  
  113  11:32  Marine x2, Barracks x2  
  113  11:33  Marine x2  
  113  11:35  SCV x3  
  120  11:44  Liberator  
  120  11:45  Liberator  
  120  11:46  Liberator x2  
  132  11:50  SCV  
  132  11:51  SCV x2  
  132  11:52  Missile Turret  
  134  11:56  Ghost x2  
  134  11:57  Ghost  
  134  11:59  Enhanced Shockwaves  
  139  12:03  Unknown  
  139  12:04  SCV x2  
  139  12:05  SCV x2  
  139  12:06  Marine x2  
  145  12:10  Marine  
  145  12:11  Marine  
  145  12:14  Terran Infantry Weapons Level 3  
  147  12:22  Barracks Tech Lab  
  147  12:23  Barracks Reactor, Barracks Tech Lab  
  147  12:24  Sensor Tower  
  147  12:25  Marine  
  147  12:26  Marine  
  147  12:28  Marine  
  147  12:29  Terran Infantry Armor Level 3, Marine  
  151  12:35  Marauder x3  
  155  12:46  Command Center  
  155  12:49  Ghost x2  
  159  12:55  Ghost, Marine x2  
  159  12:56  Marine x3  
  165  13:00  Command Center  
  164  13:09  Liberator x2  
  147  13:22  Ghost x2  
  147  13:23  Ghost, Marine x3  
  147  13:24  Marine x3  
  154  13:27  Liberator  
  154  13:29  Marauder  
  154  13:32  Marauder  
  161  13:41  Marine x4  
  161  13:42  Marine x2  
  161  13:43  Terran Ship Weapons Level 2  
  167  13:50  Marauder  
  167  13:51  Liberator  
  167  13:52  Marauder  
  174  13:57  Missile Turret  
  174  13:58  Missile Turret  
  174  13:59  Marine x6  
  174  14:01  Missile Turret x2  
  180  14:12  Liberator x2  
  180  14:13  Liberator  
  184  14:17  Marauder  
  184  14:18  Marauder x4, Marine  
  184  14:21  Marine x2  
  165  14:38  Marine x4  
  140  14:39  Marauder x4, Marine  
  140  14:42  SCV x3  
  141  14:54  Planetary Fortress, Fusion Core  
  141  14:55  SCV x2  
  141  14:56  SCV x2  
  145  15:07  SCV  
  145  15:08  SCV x3  
  145  15:10  Missile Turret  
  145  15:11  Ghost x2  
  153  15:16  Ghost  
  153  15:21  Ghost x2  
  155  15:26  SCV  
  152  15:29  Marine x4  
  152  15:34  Marine  
  136  15:37  SCV x2  
  136  15:39  Ghost  
  136  15:40  Marauder  
  142  15:43  Advanced Ballistics  
  142  15:46  Supply Depot  
  142  15:49  Liberator  
  142  15:51  Liberator  
  148  15:58  Marauder x2  
  148  15:59  Marauder  
  148  16:00  Marine  
  148  16:03  Refinery  
  155  16:06  Refinery  
  155  16:10  Terran Ship Weapons Level 3  
  155  16:20  Marauder x5, Marine x2  
  155  16:21  Marine  
  155  16:23  Marine  
  155  16:24  Marine x2  
  171  16:28  Liberator x2  
  171  16:32  Liberator  
  175  16:35  Liberator  
  180  16:41  Marauder x2  
  180  16:43  Marauder x2, Marine x3  
  180  16:44  Marine x2  
  189  17:05  Ghost, Command Center  
  189  17:06  Marauder x2  
  195  17:10  Liberator  
  195  17:13  Marine x3  
  199  17:25  Command Center  
  199  17:40  Command Center  
  199  17:55  Hi-Sec Auto Tracking  
  197  18:05  Ghost x5  
  182  18:06  Marine x4  
  196  18:16  Marine, Liberator  
  196  18:17  Marine  
  200  18:27  Liberator  
  196  18:45  Marauder x2  
  195  18:52  Command Center  
  195  18:54  Command Center  
Tags
 
Add a new tag
Caveats
  • Supply blocks, unpowered buildings, or Contaminate may cause inaccurate times.
  • Supply counts are checked every 10 seconds.